[Event "Festiv.  Int. de Sah Eforie 2010"]
[Site "Eforie Nord 2010"]
[Date "2010.06.18"]
[Round "1.3"]
[White "Stegariu, Alexandru"]
[Black "Chatalbashev, Boris"]
[Result "0-1"]
[ECO "E11"]
[WhiteElo "2089"]
[BlackElo "2593"]
[Annotator ",alex"]
[PlyCount "68"]
[EventDate "2010.??.??"]
[TimeControl "5400"]

1. d4 Nf6 2. c4 e6 3. Nf3 Bb4+ 4. Nbd2 O-O 5. e3 d5 6. Be2 b6 7. O-O a5 8. Ne5
Bd6 9. f4 c5 10. b3 cxd4 11. exd4 Bb7 12. Bb2 Nc6 13. Rc1 Rc8 14. Nd3 Nb4 15.
a3 Nxd3 16. Bxd3 Qe7 17. a4 Ba3 18. Qc2 Bxb2 19. Qxb2 Qb4 20. Qc3 Qxc3 21. Rxc3
dxc4 22. Rxc4 Rcd8 23. Rc7 Ba8 24. Rc4 Nd5 25. Rf3 g6 26. Be4 f5 27. Bb1 b5 28.
Rc5 bxa4 29. Rxa5 axb3 30. Nxb3 Rb8 31. Ra3 Rfc8 32. Rf1 Rc3 33. Ba2 Nb4 34.
Bb1 Bd5 0-1